 Dungeon Crawl Stone Soup version 0.28.0 (webtiles) character file.

Game seed: 15764299749374469732

1461 mkm the Magician (level 8, -2/46 HPs)
             Began as a Deep Elf Fire Elementalist on Feb 13, 2022.
             Was a Follower of Vehumet.
             Slain by Dowan (8 damage)
             ... on level 6 of the Dungeon.
             The game lasted 00:23:25 (7575 turns).

mkm the Magician (Deep Elf Fire Elementalist)       Turns: 7575, Time: 00:23:26

Health: -2/46      AC:  3    Str:  5    XL:     8   Next: 48%
Magic:  22/27      EV: 14    Int: 27    God:    Vehumet [*.....]
Gold:   231        SH:  5    Dex: 15    Spells: 12/18 levels left

rFire   + . .      SeeInvis .   o - +9 dagger of Tartarus {vorpal, rF+ rC+ Int+4}
rCold   + . .      Faith    .   i - +0 buckler
rNeg    . . .      Spirit   .   a - +0 robe
rPois   .          Reflect  .   (no helmet)
rElec   .          Harm     .   (no cloak)
rCorr   .          Rampage  .   g - +0 pair of gloves
Will    .....                   (no boots)
Stlth   +++.......              (no amulet)
HPRegen 0.15/turn               q - ring of magical power
MPRegen 0.20/turn               (no ring)

@: no status effects
A: no striking features
a: Renounce Religion


You were on level 6 of the Dungeon.
You worshipped Vehumet.
Vehumet was aware of your devotion.
You visited 2 branches of the dungeon, and saw 7 of its levels.

You collected 231 gold pieces.

Inventory:

Hand Weapons
 f - a +1 dagger of speed
 j - a +1 vorpal flail
 o - the +9 dagger of Tartarus (weapon) {vorpal, rF+ rC+ Int+4}
   (You found it on level 4 of the Dungeon)

   It inflicts extra damage upon your enemies.
   Int:       It affects your intelligence (+4).
   rF:        It protects you from fire.
   rC:        It protects you from cold.
Armour
 a - a +0 robe (worn)
 g - a +0 pair of gloves (worn)
 i - a +0 buckler (worn)
Jewellery
 m - a ring of fire
 q - a ring of magical power (left hand)
 v - a ring of ice
Wands
 p - a wand of charming (4)
 s - a wand of polymorph (5)
 t - a wand of paralysis (11)
 u - a wand of mindburst (4)
Scrolls
 c - 2 scrolls of fog
 h - a scroll of vulnerability {unknown}
 k - a scroll of teleportation {unknown}
Potions
 b - 2 potions of curing
 d - a potion of haste
 e - 2 potions of might {unknown}
 l - a potion of heal wounds {unknown}
 n - 3 potions of flight
 r - 2 potions of invisibility {unknown}


   Skills:
 + Level 3.0 Fighting
 + Level 5.3 Dodging
 + Level 5.6 Stealth
 + Level 3.3 Shields
 + Level 5.8 Spellcasting
 + Level 4.2 Conjurations
 + Level 5.4 Fire Magic


You had 12 spell levels left.
You knew the following spells:

 Your Spells              Type           Power      Damage    Failure   Level
a - Foxfire               Conj/Fire      100%       2x1d9     1%          1
b - Scorch                Fire           74%        2d8       1%          2
c - Inner Flame           Hex/Fire       22%        N/A       9%          3

Your spell library contained the following spells:

 Spells                   Type           Power      Damage    Failure   Level
 Magic Dart               Conj           100%       1d8       1%          1
 Conjure Flame            Conj/Fire      33%        6-21      3%          3
 Sting                    Tmut/Pois      28%        1d4       9%          1
 Flame Wave               Conj/Fire      33%        2d8       12%         4
 Poisonous Vapours        Pois/Air       14%        N/A       13%         2
 Olgreb's Toxic Radiance  Pois           7%         N/A       65%         4


Dungeon Overview and Level Annotations

Branches:
Dungeon (6/15)             Temple (1/1) D:4

Altars:
Ashenzari
Cheibriados
Elyvilon
Fedhas
Kikubaaqudgha
Ru
Sif Muna
Vehumet
Zin

Shops:
D:3 (

Annotations:
D:6 Dowan, Duvessa, Grinder


Message History

Duvessa closely misses you.
You conjure some foxfire!
The foxfire hits Duvessa!
Duvessa is moderately wounded.
The foxfire hits Duvessa.
Duvessa is moderately wounded.
Dowan says, "My weaknesses are her strengths!"
Duvessa hits you with a +0 short sword!
You conjure some foxfire!
The foxfire hits Duvessa but does no damage.
Duvessa is moderately wounded.
The foxfire hits Duvessa but does no damage.
Duvessa is moderately wounded.
Duvessa hits you but does no damage. You block Dowan's attack.
You block Duvessa's attack. Dowan closely misses you.
You conjure some foxfire!
The foxfire hits Duvessa.
Duvessa is heavily wounded.
The foxfire hits Duvessa.
Duvessa is heavily wounded.
Duvessa gestures with her weapon.
Duvessa barely misses you.
Dowan says, "My weaknesses are her strengths!"
Dowan barely misses you.
The foxfire hits the shadow imp but does no damage.
You conjure some foxfire!
The foxfire hits Duvessa but does no damage.
Duvessa is heavily wounded.
Duvessa hits you with a +0 short sword!
* * * LOW HITPOINT WARNING * * *
You block Dowan's attack. Duvessa hits you with a +0 short sword.
* * * LOW HITPOINT WARNING * * *
Dowan hits you with a +5 dagger of speed.
* * * LOW HITPOINT WARNING * * *
The foxfire hits Duvessa!
Duvessa is severely wounded.
The foxfire hits Duvessa.
Duvessa is almost dead.
You block Duvessa's attack. The shadow imp hits you.
* * * LOW HITPOINT WARNING * * *
Dowan hits you with a +5 dagger of speed!
You die...

#### #.( .......... #.#
#..........# #####.#
#........#.#### ......#
.........#.#... .####.#
#............ .#
#.####..........# ##
#..........ee5.#
##.####......@..# #..)#
#######ยง..# #...# #...# #.
####...# #...# .o5
.......#########...########
....
.###...........?..........#o.#
.......#.....................#
.##....#.......[..........#
.##......##.##.......######


You could see Duvessa (fast), Dowan and a shadow imp.

Vanquished Creatures
  An orc warrior (D:5)
  A necrophage (D:5)
  A sky beast (D:6)
  An ogre (D:6)
  A phantom (D:5)
  Blork the orc (D:6)
  A scorpion (D:6)
  A water moccasin zombie (D:5)
  2 centaur zombies (D:6)
  A bullfrog zombie (D:6)
  3 gnoll shamans (D:6)
  A jelly (D:5)
  2 bullfrog skeletons (D:4)
  3 hounds (D:4)
  An orc priest (D:5)
  3 iguanas
  5 orc wizards
  A hound skeleton (D:4)
  6 adders
  11 gnolls
  An ufetubus (D:5)
  2 dart slugs
  6 orcs
  11 endoplasms
  6 giant cockroaches
  9 goblins
  9 hobgoblins
  3 quokkas
  5 ball pythons
  9 bats
  5 frilled lizards
  9 kobolds
  7 rats
129 creatures vanquished.

Vanquished Creatures (others)
  A human (D:3)
  431 foxfires
  11 plants (D:6)
443 creatures vanquished.

Grand Total: 572 creatures vanquished

Notes
Turn   | Place    | Note
-------+----------+-------------------------------------------
     0 | D:1      | mkm the Deep Elf Fire Elementalist began the quest for the
                  | Orb.
     0 | D:1      | Reached XP level 1. HP: 10/10 MP: 6/6
   286 | D:1      | Reached XP level 2. HP: 15/15 MP: 6/8
   708 | D:1      | Reached XP level 3. HP: 20/20 MP: 6/9
  1881 | D:2      | Reached skill level 1 in Fighting
  1881 | D:2      | Reached XP level 4. HP: 21/25 MP: 7/11
  2726 | D:3      | Found a broken altar of Ashenzari.
  2882 | D:3      | Found Natwisih's Weapon Shop.
  2893 | D:3      | Found a faded altar of an unknown god.
  3016 | D:3      | Found an ancient bone altar of Kikubaaqudgha.
  3018 | D:3      | Noticed a human
  3029 | D:3      | Killed a human
  3244 | D:3      | Reached XP level 5. HP: 10/29 MP: 9/12
  3795 | D:4      | Found a staircase to the Ecumenical Temple.
  3808 | Temple   | Entered the Ecumenical Temple
  3833 | Temple   | Became a worshipper of Vehumet
  4015 | D:4      | Reached skill level 1 in Shields
  4169 | D:4      | Learned a level 2 spell: Scorch
  4261 | D:4      | Noticed a phantom
  4292 | D:4      | Reached XP level 6. HP: 25/34 MP: 7/14
  4989 | D:4      | Identified the +9 dagger of Tartarus {vorpal, rF+ rC+
                  | Int+4}
  5020 | D:5      | Entered Level 5 of the Dungeon
  5163 | D:5      | Reached XP level 7. HP: 40/40 MP: 11/15
  6132 | D:6      | Reached skill level 5 in Spellcasting
  6161 | D:6      | Reached skill level 5 in Fire Magic
  6470 | D:6      | Reached XP level 8. HP: 45/45 MP: 17/17
  6486 | D:6      | Reached skill level 5 in Stealth
  6666 | D:6      | Noticed Blork the orc
  6672 | D:6      | Killed Blork the orc
  6673 | D:6      | Reached skill level 5 in Dodging
  6924 | D:6      | Learned a level 3 spell: Inner Flame
  7008 | D:6      | Noticed Grinder
  7018 | D:6      | Identified the +2 mace "Hieghau" {vorpal, Str+6}
  7027 | D:6      | Noticed Duvessa
  7032 | D:5      | Reached * piety under Vehumet
  7032 | D:5      | Offered knowledge of Magic Dart by Vehumet.
  7397 | D:6      | Noticed Dowan
  7575 | D:6      | Slain by Dowan

Illustrated notes

Levels and vault maps discovered:
D:1:      amcnicky_arrival_gap_in_the_tavern_cellar, layout_basic
D:2:      minmay_recursive_quarters, layout_basic, chequers_jeans,
          minmay_misc_feat_doors, chequers_arboretum
D:3:      layout_basic, nicolae_ashenzari_panopticon, tgw_kikubaaqudgha,
          serial_shops, nicolae_shop_advertising_works
          [nicolae_subvault_shop_adworks],
          hellmonk_ecumenical_altar_inner_sanctum, kennysheep_crisscross,
          chequers_serial_rivers_micro_e, kennysheep_decorative_pillar,
          minmay_misc_feat_iff, minmay_statues_item
D:4:      layout_basic, minmay_temple_entry_glassed_door
D:5:      layout_loops_ring
D:6:      layout_loops_cross, kennysheep_mini_moat, serial_park_tiny_pond,
          nicolae_grassy_gnolls, uniq_duvessa, uniq_blork_the_orc, uniq_grinder
Temple:   dshaligram_water_room_temple

Skill      XL: |  1  2  3  4  5  6  7  8 |
---------------+-------------------------+-----
Stealth        | 3 4 5 |  5.6
Dodging        | 3 4 5 |  5.3
Fighting       | 1 2 3 |  3.0
Conjurations   | 2 3 4 |  4.2
Fire Magic     | 4 5 |  5.4
Shields        | 1 2 3 |  3.3
Spellcasting   | 4 5 |  5.8

Action                   |  1- 3 |  4- 6 |  7- 9 || total
-------------------------+-------+-------+-------++-------
Melee: Dagger            |     8 |       |       ||     8
       Flail             |       |     3 |       ||     3
 Cast: Foxfire           |    78 |    90 |    84 ||   252
       Scorch            |       |    15 |    30 ||    45
  Use: Scroll            |     1 |     5 |     1 ||     7
 Stab: Sleeping          |     1 |       |       ||     1
Armor: Robe              |    11 |     3 |    12 ||    26
Dodge: Dodged            |    27 |    26 |    44 ||    97
Block: Buckler           |       |     5 |    21 ||    26
